 Dungeon Crawl Stone Soup version 0.29.0-4-gdea44cf6ec (webtiles) character file.

Game seed: 10206100758437587227

5 qw the Chopper (level 1, 0/12 HPs)
             Began as a Tengu Warper on Aug 28, 2022.
             Slain by a hobgoblin (4 damage)
             ... on level 1 of the Dungeon.
             The game lasted 00:00:00 (244 turns).

qw the Chopper (Tengu Warper)                        Turns: 244, Time: 00:00:01

Health: 0/12       AC:  3    Str: 11    XL:     1   Next: 80%
Magic:  4/4        EV: 11    Int: 13    God:
Gold:   36         SH:  0    Dex: 13    Spells: 4/4 levels left

rFire   . . .      SeeInvis .   a - +0 hand axe
rCold   . . .      Faith    .   (no shield)
rNeg    . . .      Spirit   .   b - +0 leather armour
rPois   .          Reflect  .   (helmet restricted)
rElec   .          Harm     .   (no cloak)
rCorr   .          Rampage  .   (no gloves)
Will    .....                   (boots unavailable)
Stlth   +.........              (no amulet)
HPRegen 0.04/turn               (no ring)
MPRegen 0.09/turn               (no ring)

@: no status effects
A: beak, talons 3
a: no special abilities


You were on level 1 of the Dungeon.
You visited 1 branch of the dungeon, and saw 1 of its levels.

You collected 36 gold pieces.


Innate Abilities, Weirdness & Mutations

You have a beak for a mouth.
You have claws for feet.


   Skills:
 - Level 2.0 Fighting
 + Level 2.8 Axes
 - Level 1.0 Throwing
 - Level 1.1 Armour
 - Level 2.1 Dodging
 - Level 2.0 Spellcasting
 - Level 2.4 Translocations


You had 4 spell levels left.
You didn't know any spells.
Your spell library contained the following spells:

 Spells                   Type           Power      Damage    Failure   Level
 Blink                    Tloc           14%        N/A       19%         2
 Gell's Gravitas          Tloc           7%         N/A       36%         3
 Lesser Beckoning         Tloc           7%         N/A       36%         3
 Teleport Other           Tloc           7%         N/A       36%         3
 Manifold Assault         Tloc           7%         N/A       98%         5

Inventory:

Hand Weapons
 a - a +0 hand axe (weapon)
Missiles
 d - 6 boomerangs of dispersal (quivered)
Armour
 b - a +0 leather armour (worn)
Jewellery
 f - an amulet of regeneration
Scrolls
 c - a scroll of blinking
 e - a scroll of noise {unknown}

Dungeon Overview and Level Annotations

Branches:
Dungeon (1/15)

Altars:


Message History

You now have 15 gold pieces.
You now have 21 gold pieces (gained 6).
You now have 36 gold pieces (gained 15).
You open the door.
A kobold comes into view. It is wielding a +0 short sword.
The kobold shouts!
Enter note:
Enter note: The kobold throws a stone.
The stone hits you but does no damage.
A dart slug comes into view.
228 ||| Stepping ~*~*~tactically~*~*~ (hiding).
A hobgoblin comes into view.
229 ||| Stepping ~*~*~tactically~*~*~ (hiding).
The kobold attacks as you move away!
The kobold hits you with a +0 short sword.
230 ||| Stepping ~*~*~tactically~*~*~ (stealth).
You hit the kobold. You peck the kobold.
You kill the kobold!
You start resting.
A hobgoblin is nearby!
233 ||| Stepping ~*~*~tactically~*~*~ (stealth).
234 ||| Stepping ~*~*~tactically~*~*~ (stealth).
235 ||| Stepping ~*~*~tactically~*~*~ (stealth).
236 ||| Stepping ~*~*~tactically~*~*~ (stealth).
You start resting.
There are monsters nearby!
The hobgoblin shouts!
You hit the dart slug.
The dart slug is moderately wounded.
The dart slug bites you.
You slash the dart slug!
You kill the dart slug!
You barely miss the hobgoblin. The hobgoblin hits you.
You barely miss the hobgoblin. The hobgoblin hits you.
You hit the hobgoblin but do no damage. You peck the hobgoblin.
The hobgoblin is lightly wounded.
The hobgoblin hits you.
You die...

.........#.#......##.#
.........#.##.######.#
..#.. #....# #.# ..##.
####.# #.# #. #.# #.#
#.### #.######.# .
...# #......#.#
....####.####.#.#...#
........@g.##.....###
...###+###..#.#.#.#
....##)......#
#..#....#..#
#.'....#.##
#..#.####.# .w.g##.#
#.# ##+## ..# #.# ..##
#.#


You could see a hobgoblin.

Vanquished Creatures
  A dart slug (D:1)
  A quokka (D:1)
  2 kobolds (D:1)
4 creatures vanquished.

Notes
Turn   | Place    | Note
-------+----------+-------------------------------------------
     0 | D:1      | qw the Tengu Warper began the quest for the Orb.
     0 | D:1      | Reached XP level 1. HP: 12/12 MP: 4/4
     0 | D:1      | 0 ||| qw: Version: 0.1-a-89-g26bdef1
     0 | D:1      | 0 ||| qw: Game counter: 2462
     0 | D:1      | 0 ||| qw: Always use a shield: true
     0 | D:1      | 0 ||| qw: God list: Okawaru
     0 | D:1      | 0 ||| qw: Allow faded altars: false
     0 | D:1      | 0 ||| qw: Do Orc after D:15 true
     0 | D:1      | 0 ||| qw: Do second Lair branch before Depths: true
     0 | D:1      | 0 ||| qw: Lair rune preference: random
     0 | D:1      | 0 ||| qw: Plans: Normal
     0 | D:1      | 0 ||| PLANNING D:1-11
   228 | D:1      | 228 ||| Stepping ~*~*~tactically~*~*~ (hiding).
   229 | D:1      | 229 ||| Stepping ~*~*~tactically~*~*~ (hiding).
   230 | D:1      | 230 ||| Stepping ~*~*~tactically~*~*~ (stealth).
   233 | D:1      | 233 ||| Stepping ~*~*~tactically~*~*~ (stealth).
   234 | D:1      | 234 ||| Stepping ~*~*~tactically~*~*~ (stealth).
   235 | D:1      | 235 ||| Stepping ~*~*~tactically~*~*~ (stealth).
   236 | D:1      | 236 ||| Stepping ~*~*~tactically~*~*~ (stealth).
   244 | D:1      | Slain by a hobgoblin

Levels and vault maps discovered:
D:1:      lemuel_arrival_cross, layout_basic, serial_co_window_serial,
          co_window_paths_a, co_window_paths_a, co_window_paths_a,
          co_window_paths_a, co_window_paths_a, co_window_unsneaky_path_e,
          co_window_corner_b, co_window_corner_cb, co_window_corner_cb,
          co_window_broadway_a, co_window_broadway_a, glass_columns_a,
          chequers_serial_rivers_micro_e, minmay_box_of_dots

Action                   || total
-------------------------++-------
Melee: Hand axe          ||     9
       Peck              ||     2
Throw: Boomerang         ||     1
Armor: Leather armour    ||     1
Dodge: Dodged            ||     1

Table legend:
 A = Non-vault XP
 B = Vault XP
 C = Vault XP percentage of total XP
 D = Non-vault monster count
 E = Vault monster count
 F = Vault count percentage of total count
                 A         B        C        D         E       F
            +---------+---------+-------+---------+---------+-------
      Total |       3 |       5 |  62.5 |       2 |       2 |  50.0
            +---------+---------+-------+---------+---------+-------
        D:1 |       3 |       5 |  62.5 |       2 |       2 |  50.0
            +---------+---------+-------+---------+---------+-------
